 Dungeon Crawl Stone Soup version 0.21.1-1-g345015fe64 (webtiles) character file.

30947 Kohma the Peltast (level 13, -13/111 HPs)
             Began as a Minotaur Fighter on June 23, 2018.
             Was the Champion of Okawaru.
             Mangled by a large abomination (17 damage)
             ... on level 3 of the Abyss.
             The game lasted 00:55:57 (17935 turns).

Kohma the Peltast (Minotaur Fighter)               Turns: 17935, Time: 00:55:58

Health: -13/111    AC: 21    Str: 27    XL:     13   Next: 23%
Magic:  15/17      EV:  9    Int:  5    God:    Okawaru [******]
Gold:   1240       SH: 15    Dex: 14    Spells: 12/12 levels left

rFire    + . .     SeeInvis .   p - +3 flail of Grace {venom, rN+}
rCold    + . .     Gourm    +   c - +0 shield
rNeg     + + .     Faith    .   I - +4 chain mail
rPois    .         Spirit   .   (helmet restricted)
rElec    .         Reflect  .   O - scarf {rC+ rF+}
rCorr    .         Harm     .   C - +0 pair of gloves
MR       .....                  d - +2 pair of boots of the Assassin {Detection Stab+ Stlth++}
Stlth    ..........             e - amulet of the gourmand
HPRegen  0.00/turn              w - ring of positive energy
MPRegen  0.15/turn              (no ring)

@: mighty, non-regenerating, mildly diseased
A: retaliatory headbutt, horns 2
a: Heroism, Finesse, Renounce Religion


You were on level 3 of the Abyss.
You worshipped Okawaru.
Okawaru was exalted by your worship.
You were very full.

You visited 4 branches of the dungeon, and saw 16 of its levels.
You visited the Abyss 1 time.
You also visited: Sewer and Ossuary.

You collected 1637 gold pieces.
You spent 397 gold pieces at shops.

Inventory:

Hand Weapons
 a - a +5 flail of freezing
 b - a +1 scimitar of flaming
 p - the +3 flail of Grace (weapon) {venom, rN+}
   (Okawaru gifted it to you on level 2 of the Orcish Mines)

   It poisons the flesh of those it strikes.
   It protects you from negative energy.
 B - a +2 whip of electrocution
 S - a +0 dire flail of holy wrath
 W - the +0 mace of the Boar {distort, Int+4 Stlth+}
   (Okawaru gifted it to you on level 1 of the Elven Halls)

   It warps and distorts space around it.
   Unwielding it can cause banishment or high damage.
   It affects your intelligence (+4).
   It makes you more stealthy.
 X - a +2 short sword of holy wrath
Missiles
 o - 19 tomahawks
 s - a throwing net
 y - 5 exploding tomahawks
 G - 12 tomahawks of returning (quivered)
Armour
 c - a +0 shield (worn)
 d - the +2 pair of boots of the Assassin (worn) {Detection Stab+ Stlth++}
   (You acquired it on level 11 of the Dungeon)

   It makes you much more stealthy.
 C - a +0 pair of gloves (worn)
 I - a +4 chain mail (worn)
 O - a scarf of resistance (worn)
Jewellery
 e - an amulet of the gourmand (around neck)
 w - a ring of positive energy (left hand)
 F - an uncursed ring of ice
Wands
 j - a wand of iceblast (16)
 k - a wand of acid (6)
 D - a wand of digging (29)
 N - a wand of random effects (24)
 P - a wand of flame (7)
Scrolls
 g - 3 scrolls of remove curse
 h - 4 scrolls of amnesia
 m - 4 scrolls of fog
 r - 4 scrolls of immolation
 u - a scroll of holy word {unknown}
 x - 9 scrolls of teleportation
 L - a scroll of random uselessness {unknown}
 M - 2 scrolls of enchant armour
 Q - a scroll of enchant weapon
 R - a scroll of identify
 T - a scroll of magic mapping
 U - a scroll of fear
Potions
 i - 3 potions of ambrosia
 l - 3 potions of berserk rage
 n - 2 potions of might
 q - 3 potions of agility
 t - 2 potions of haste
 v - 2 potions of heal wounds
 z - 5 potions of curing
 A - 2 potions of flight
 E - a potion of brilliance
 H - a potion of mutation {unknown}
 J - 3 potions of magic
 K - 4 potions of lignification
Comestibles
 f - 22 rations


   Skills:
 + Level 9.5 Fighting
 - Level 14.0 Maces & Flails
 * Level 12.6 Armour
 - Level 15.0 Shields
 + Level 7.3 Invocations


You had 12 spell levels left.
You didn't know any spells.

Dungeon Overview and Level Annotations

Branches:
Dungeon (12/15)            Temple (1/1) D:6            Lair (0/6) D:9
    Orc (2/2) D:11            Elf (1/3) Orc:2

Altars:
Ashenzari
Cheibriados
Dithmenos
Elyvilon
Fedhas
Hepliaklqana
Kikubaaqudgha
Makhleb
Nemelex Xobeh
Okawaru
Qazlal
Ru
Sif Muna
Trog
Uskayaw
Vehumet
Wu Jian
Zin
The Shining One

Shops:
D:8 }   D:10 *   Orc:2 %*}(*

Portals:
Trove: D:11 (give 9 potions of agility)

Annotations:
D:11 9x potion of agility, exclusion: downstairs
D:12 Frances; Lentor's ghost, journeyman MiBe


Innate Abilities, Weirdness & Mutations

You reflexively headbutt those who attack you in melee.
You have a pair of horns on your head.


Message History

You start resting.
You feel like a meek peon again.
You start resting.
Your hands slow down.
You start resting.
A large abomination comes into view.
The large abomination misses you. You furiously retaliate!
You headbutt the large abomination. You thump the large abomination!
The large abomination is moderately damaged.
You block the large abomination's attack.
You barely miss the large abomination.
The large abomination is moderately damaged.
The large abomination hits you!!
* * * LOW HITPOINT WARNING * * *
You closely miss the large abomination.
Your headbutt misses the large abomination.
The large abomination is moderately damaged.
The large abomination hits you!
You die...

. . # #
# .. ..
## . #.
.. .X
.# #.
.# ..
.. ..#
#.### #
# #
#..####
# .
#@.## .
/.
#$.X###
. #####
. #. ..
.... ..
.. .#..


You could see a large abomination.

Vanquished Creatures
  A bone dragon (Abyss:3)
  An ettin (Orc:2)
  Erolcha (D:8)
  Erica (D:9)
  4 two-headed ogres
  A dancing weapon (Elf:1)
  5 orc high priests
  5 orc sorcerers
  Pikel (D:4)
  2 deep elf magi (Elf:1)
  6 orc knights
  A cyclops (D:11)
  Psyche (D:9)
  A molten gargoyle (Orc:2)
  An ancient zyme (Abyss:3)
  A guardian mummy (D:11)
  The ghost of Peloso the Covered, an amateur DDFi (D:4)
  3 trolls
  2 large abominations (Abyss:3)
  Sigmund (D:3)
  A hippogriff (D:7)
  An air elemental (Elf:1)
  2 wraiths (D:11)
  A wyvern (D:8)
  A hungry ghost (D:8)
  2 fire bats (Orc:2)
  A chaos spawn (Abyss:3)
  Menkaure (D:5)
  6 wargs
  A soldier ant (D:11)
  2 water moccasins (D:10)
  An acid dragon (D:11)
  Edmund (D:6)
  3 sky beasts
  26 orc warriors
  An ice beast (D:5)
  A slave (D:4)
  2 necrophages (D:8)
  9 ogres
  2 centaurs
  4 bullfrogs
  A gnoll sergeant (D:11)
  A scorpion (D:11)
  5 killer bees (D:10)
  A water moccasin skeleton (D:6)
  15 wights
  5 electric eels (D:11)
  A howler monkey (D:8)
  8 crimson imps
  A bullfrog skeleton (D:10)
  5 jellies
  14 orc priests
  5 hounds
  2 centaur skeletons
  Crazy Yiuf (D:6)
  28 orc wizards
  6 worker ants
  A merfolk avatar (Sewer)
  A merfolk siren (Sewer)
  A killer bee zombie (D:5)
  A hound skeleton (D:5)
  4 mummies
  Robin (D:2)
  15 gnolls
  15 adders
  4 river rats
  2 shadow imps
  A white imp (Abyss:3)
  7 oozes
  2 adder zombies (Ossuary)
  2 adder skeletons
  A worm (D:5)
  2 dart slugs (D:1)
  7 leopard geckos
  43 orcs
  7 bats
  8 giant cockroaches
  7 hobgoblins
  10 jackals
  3 quokkas
  3 ball pythons
  8 frilled lizards
  14 goblins
  5 goblin zombies (Ossuary)
  A hobgoblin zombie (Ossuary)
  7 kobolds
  2 kobold zombies (Ossuary)
  2 leopard gecko skeletons
  An orc zombie (Ossuary)
  3 quokka zombies
  35 rats
  5 rat zombies (Ossuary)
439 creatures vanquished.

Vanquished Creatures (others)
  A slave (D:4)
  An orc (Orc:1)
2 creatures vanquished.

Grand Total: 441 creatures vanquished

Notes
Turn   | Place    | Note
-------+----------+-------------------------------------------
     0 | D:1      | Kohma the Minotaur Fighter began the quest for the Orb.
     0 | D:1      | Reached XP level 1. HP: 19/19 MP: 0/0
   224 | D:1      | Reached skill level 4 in Shields
   224 | D:1      | Reached XP level 2. HP: 26/26 MP: 1/1
   538 | D:1      | Reached XP level 3. HP: 28/31 MP: 2/2
   965 | D:2      | Reached skill level 5 in Shields
   965 | D:2      | Reached XP level 4. HP: 22/39 MP: 3/3
  1142 | D:2      | Noticed Robin
  1153 | D:2      | Killed Robin
  1332 | D:2      | Reached XP level 5. HP: 29/45 MP: 4/4
  1705 | D:2      | Reached skill level 5 in Maces & Flails
  1862 | D:3      | Found a hazy altar of Hepliaklqana.
  1862 | D:3      | Found a sparkling altar of Nemelex Xobeh.
  1863 | D:3      | Found a bloodstained altar of Trog.
  2070 | D:3      | Noticed Sigmund
  2099 | D:4      | Noticed a slave
  2101 | D:4      | Noticed a slave
  2102 | D:4      | Noticed Pikel
  2102 | D:4      | Noticed a slave
  2104 | D:4      | Noticed a slave
  2112 | D:4      | Killed a slave
  2119 | D:4      | Killed Pikel
  2119 | D:4      | Reached skill level 7 in Shields
  2119 | D:4      | Reached XP level 6. HP: 34/51 MP: 5/5
  2119 | D:4      | Reached XP level 7. HP: 39/57 MP: 6/6
  2884 | D:4      | Noticed Peloso's ghost (amateur DDFi)
  2897 | D:4      | Killed Peloso's ghost
  2897 | D:4      | Reached skill level 8 in Shields
  3132 | D:3      | Found a burning altar of Makhleb.
  3202 | D:3      | Killed Sigmund
  3202 | D:3      | Reached skill level 9 in Shields
  3202 | D:3      | Reached XP level 8. HP: 64/64 MP: 7/7
  3258 | D:5      | Entered Level 5 of the Dungeon
  3298 | D:5      | Found a shadowy altar of Dithmenos.
  3757 | D:5      | Found a sacrificial altar of Ru.
  4002 | D:5      | Noticed Menkaure
  4013 | D:5      | Killed Menkaure
  4013 | D:5      | Reached skill level 10 in Shields
  4705 | D:6      | Reached skill level 10 in Maces & Flails
  4812 | D:6      | Found a glowing drain.
  4822 | Sewer    | Entered a sewer
  5129 | Sewer    | Reached XP level 9. HP: 51/70 MP: 8/8
  5488 | D:6      | Found a runed door.
  5492 | D:6      | Noticed Crazy Yiuf
  5497 | D:6      | Killed Crazy Yiuf
  5503 | D:6      | Got a crystal mace
  5504 | D:6      | Identified the +4 mace of Exoneration {crush, Stlth+} (You found it on level 6 of the Dungeon)
  5802 | D:6      | Reached skill level 11 in Shields
  5808 | D:6      | Found a staircase to the Ecumenical Temple.
  5816 | Temple   | Entered the Ecumenical Temple
  5870 | Temple   | Became a worshipper of Warmaster Okawaru
  6132 | D:6      | Noticed Edmund
  6139 | D:6      | Killed Edmund
  6795 | D:7      | Reached * piety under Okawaru
  7179 | D:8      | Reached skill level 12 in Shields
  7228 | D:8      | Noticed a two-headed ogre
  7235 | D:8      | Killed a two-headed ogre
  7235 | D:8      | Reached ** piety under Okawaru
  7235 | D:8      | Reached XP level 10. HP: 61/76 MP: 9/9
  7456 | D:8      | Found a sand-covered staircase.
  7462 | Ossuary  | Entered an ossuary
  7926 | D:8      | Found a white marble altar of Elyvilon.
  8068 | D:8      | Found Qutwemae's Gadget Shoppe.
  8429 | D:9      | Noticed Erolcha
  8438 | D:9      | Paralysed by Erolcha for 7 turns
  8456 | D:8      | Killed Erolcha
  8456 | D:8      | Reached *** piety under Okawaru
  8456 | D:8      | Reached skill level 13 in Shields
  8742 | D:9      | Noticed Psyche
  8750 | D:9      | Killed Psyche
  8860 | D:9      | Found a staircase to the Lair.
  9302 | D:9      | Noticed Erica
  9314 | D:9      | Killed Erica
  9314 | D:9      | Reached **** piety under Okawaru
  9314 | D:9      | Reached skill level 14 in Shields
 10121 | D:10     | Entered Level 10 of the Dungeon
 10124 | D:10     | Noticed a two-headed ogre
 10130 | D:10     | Killed a two-headed ogre
 10130 | D:10     | Reached XP level 11. HP: 81/81 MP: 10/10
 10312 | D:10     | Found Ymelueti's General Store.
 10393 | D:10     | Bought a scroll of identify for 26 gold pieces
 10872 | D:10     | Noticed a two-headed ogre
 10879 | D:10     | Killed a two-headed ogre
 10879 | D:10     | Reached skill level 1 in Invocations
 11126 | D:11     | Reached ***** piety under Okawaru
 11142 | D:11     | Noticed a two-headed ogre
 11150 | D:11     | Killed a two-headed ogre
 11150 | D:11     | Reached skill level 5 in Armour
 11506 | D:11     | Found a portal to a secret trove of treasure.
 11833 | D:11     | Received a gift from Okawaru
 12169 | D:11     | Reached skill level 5 in Fighting
 12172 | D:11     | Reached skill level 15 in Shields
 12388 | D:11     | Found a staircase to the Orcish Mines.
 12994 | D:12     | Noticed Lentor's ghost (journeyman MiBe)
 13003 | D:12     | Noticed Frances
 13317 | Orc:1    | Entered Level 1 of the Orcish Mines
 13317 | Orc:1    | Noticed an orc high priest
 13324 | Orc:1    | Noticed a soul eater
 13474 | D:11     | Identified a scroll of acquirement
 13475 | D:11     | Found the +2 pair of boots of the Assassin {Detection Stab+ Stlth++}
 13493 | Orc:1    | Noticed an orc high priest
 13719 | Orc:1    | Noticed a sun demon
 13719 | Orc:1    | Noticed an orc sorcerer
 13946 | D:11     | Killed an orc high priest
 14085 | D:11     | Killed an orc sorcerer
 14085 | D:11     | Reached XP level 12. HP: 75/95 MP: 14/14
 14458 | Orc:1    | Killed an orc high priest
 14914 | Orc:2    | Entered Level 2 of the Orcish Mines
 15310 | Orc:2    | Noticed an ettin
 15335 | Orc:2    | Killed an ettin
 15335 | Orc:2    | Reached skill level 5 in Invocations
 15643 | Orc:2    | Found Jueruc's Food Shop.
 15668 | Orc:2    | Found a staircase to the Elven Halls.
 15731 | Orc:2    | Reached skill level 10 in Armour
 16284 | Orc:2    | Noticed an orc high priest
 16304 | Orc:2    | Noticed an orc high priest
 16438 | Orc:2    | Killed an orc high priest
 16438 | Orc:2    | Received a gift from Okawaru
 16439 | Orc:2    | Got a translucent flail {god gift}
 16440 | Orc:2    | Identified the +3 flail of Grace {venom, rN+} (Okawaru gifted it to you on level 2 of the Orcish Mines)
 16503 | Orc:2    | Noticed an orc high priest
 16510 | Orc:2    | Killed an orc high priest
 16816 | Orc:2    | Paralysed by an orc sorcerer for 5 turns
 17319 | Orc:2    | Found Xioj's Gadget Boutique.
 17319 | Orc:2    | Found Osyss's Assorted Antiques.
 17332 | Orc:2    | Killed an orc high priest
 17332 | Orc:2    | Reached ****** piety under Okawaru
 17487 | Orc:2    | Found Wipnus's General Store.
 17487 | Orc:2    | Found Billaa's Antique Weapon Shoppe.
 17556 | Orc:2    | Bought a potion of heal wounds for 105 gold pieces
 17556 | Orc:2    | Bought a scroll labeled LAFOMP JEAGOA for 21 gold pieces
 17556 | Orc:2    | Bought a scroll labeled QIYHE TEETAMI for 21 gold pieces
 17566 | Orc:2    | Bought a scroll of enchant armour for 105 gold pieces
 17566 | Orc:2    | Bought a scroll of identify for 28 gold pieces
 17566 | Orc:2    | Bought a scroll of teleportation for 42 gold pieces
 17566 | Orc:2    | Bought a scroll of magic mapping for 49 gold pieces
 17620 | Elf:1    | Entered Level 1 of the Elven Halls
 17710 | Elf:1    | Received a gift from Okawaru
 17710 | Elf:1    | Reached XP level 13. HP: 110/110 MP: 17/17
 17711 | Elf:1    | Got an iridescent mace {god gift}
 17714 | Elf:1    | Identified the +0 mace of the Boar {distort, Int+4 Stlth+} (Okawaru gifted it to you on level 1 of the Elven Halls)
 17715 | Elf:1    | Cast into level 3 of the Abyss (a distortion unwield)
 17861 | Abyss:3  | Noticed a bone dragon
 17874 | Abyss:3  | HP: 1/111 [bone dragon (7)]
 17901 | Abyss:3  | Killed a bone dragon
 17934 | Abyss:3  | HP: 4/111 [large abomination (29)]
 17935 | Abyss:3  | Mangled by a large abomination

Skill      XL: |  1  2  3  4  5  6  7  8  9 10 11 12 13 |
---------------+----------------------------------------+-----
Shields        | 4 5 7 9 10 12 14 15 | 15.0
Maces & Flails | 3 4 7 8 10 12 13 14 | 14.0
Armour         | 8 12 | 12.6
Fighting       | 6 9 |  9.5
Invocations    | 4 6 7 |  7.3

Action                   |  1- 3 |  4- 6 |  7- 9 | 10-12 | 13-15 || total
-------------------------+-------+-------+-------+-------+-------++-------
Melee: Flail             |   100 |    88 |   373 |   802 |    62 ||  1425
       Headbutt          |    15 |    10 |    81 |   175 |    21 ||   302
       Mace              |       |       |    44 |       |       ||    44
Throw: Stone             |    13 |       |       |       |       ||    13
       Tomahawk          |       |       |     3 |       |       ||     3
Invok: Heroism           |       |       |       |     2 |     2 ||     4
       Finesse           |       |       |       |       |     2 ||     2
Evoke: Wand              |       |       |       |     1 |       ||     1
  Use: Potion            |       |       |     2 |     2 |     5 ||     9
       Scroll            |       |       |    16 |    14 |       ||    30
 Stab: Paralysed         |       |       |     1 |       |       ||     1
  Eat: Chunk             |       |     4 |    25 |    38 |     1 ||    68
       Ration            |       |       |     1 |     1 |       ||     2
Armor: Scale mail        |    47 |    40 |    16 |       |       ||   103
       Chain mail        |       |       |   116 |   200 |    23 ||   339
       Plate armour      |       |       |       |    46 |       ||    46
Dodge: Dodged            |    31 |    17 |    75 |   120 |    15 ||   258
Block: Shield            |    54 |    51 |   200 |   465 |    32 ||   802
